 Dungeon Crawl Stone Soup version 0.14-a0-504-gf2529f3 (webtiles) character file.

185 Malachi the Chopper (level 5, -4/49 HPs)
             Began as a Naga Fighter on Oct 31, 2013.
             Slain by Grinder (7 damage)
             ... while paralysed by Grinder
             ... on Level 3 of the Dungeon.
             The game lasted 00:04:17 (1879 turns).

Malachi the Chopper (Naga Fighter)                  Turns: 1879, Time: 00:04:18

HP  -4/49        AC  3     Str 20      XL: 5   Next: 25%
MP   4/4         EV  1     Int  8      God:
Gold 43          SH  0     Dex 10      Spells:  0 memorised,  4 levels left

Res.Fire  : + . .   See Invis. : +   a - +0 hand axe
Res.Cold  : x . .   Warding    : .   u - +0 leather armour (curse)
Life Prot.: . . .   Conserve   : .   c - +0 shield (curse)
Res.Poison: +       Res.Corr.  : .   (no helmet)
Res.Elec. : .       Clarity    : .   (no cloak)
Sust.Abil.: . .     Spirit.Shd : .   (no gloves)
Res.Mut.  : .       Stasis     : .   (no barding)
Res.Rott. : .       Flight     : .   (no amulet)
Saprovore : . . .                    j - +0,+7 ring of slaying
                                     t - ring of fire

@: paralysed, very slow, slightly resistant to hostile enchantments, very
unstealthy
A: spit poison, see invisible, deformed body, poison resistance, slowness 2, AC
+1
a: Spit Poison


You were on level 3 of the Dungeon.
You were hungry.

You visited 1 branch of the dungeon, and saw 3 of its levels.

You collected 43 gold pieces.

Inventory:

Hand weapons
 a - a +0,+0 hand axe (weapon)
Missiles
 m - 2 javelins (quivered)
Armour
 b - a +0 scale mail
 c - a cursed +0 shield (worn)
 u - a cursed +0 leather armour (worn)
Comestibles
 d - 5 bread rations
 f - 2 apples
 k - 10 sultanas
 o - a lychee
 q - a meat ration
 s - a chunk of adder flesh
Scrolls
 p - 2 scrolls of identify
Jewellery
 j - a +0,+7 ring of slaying (right hand)
 t - a ring of fire (left hand)
Potions
 e - 2 potions of curing {unknown}
 g - a potion of blood {unknown}
 h - a potion of restore abilities {unknown}
 i - a potion of degeneration {unknown}
 l - 2 potions of resistance {unknown}
 n - a potion of mutation {unknown}
 r - a potion of heal wounds {unknown}


   Skills:
 - Level 3.0 Fighting
 * Level 3.8 Axes
 - Level 2.4 Armour
 + Level 3.8 Shields


You had 4 spell levels left.
You didn't know any spells.

Dungeon Overview and Level Annotations

Branches:
Dungeon (3/27)

Altars:

Annotations:
D:3 Grinder


Innate Abilities, Weirdness & Mutations

You cannot wear boots.
You can spit poison.
Your serpentine skin is tough (AC +1).
You have supernaturally acute eyesight.
Armour fits poorly on your strangely shaped body.
Your system is resistant to poisons.
You cover ground very slowly.


Message History

You hit the worm.
The worm is almost dead.
You hit the worm.
You kill the worm!
You closely miss Grinder. Grinder gestures at you.
You suddenly lose the ability to move!
Grinder hits you.
You writhe in agony.
Grinder says, "There's only one good use for a tongue: cutting it out."
Grinder hits you. Grinder hits you!
You writhe in agony.
* * * LOW HITPOINT WARNING * * *
Grinder gestures at you. You resist. Grinder hits you.
* * * LOW HITPOINT WARNING * * *
You writhe in agony.
* * * LOW HITPOINT WARNING * * *
Grinder hits you!
You die...

........§.§§...............
..##.##§)###.............##
##.# ######...##### # #..#
#...# # #.## #...# #
#######.# #...#
#.......#########...#
#.#####..........# #
#.##@##.##.# #.##5# #.##..
#.##>## #..... ####.. #.#
... ...


You could see Grinder.

Vanquished Creatures
  An orc priest (D:3)
  3 adders (D:3)
  4 worms
  2 giant geckos
  An ooze (D:2)
  4 orcs (D:3)
  5 bats
  6 goblins
  5 hobgoblins
  13 jackals
  A quokka (D:2)
  2 giant cockroaches (D:1)
  5 kobolds
  3 rats
  A toadstool (D:1)
56 creatures vanquished.

Vanquished Creatures (others)
  3 toadstools (D:1)
3 creatures vanquished.

Grand Total: 59 creatures vanquished

Notes
Turn   | Place    | Note
--------------------------------------------------------------
     0 | D:1      | Malachi, the Naga Fighter, began the quest for the Orb.
     0 | D:1      | Reached XP level 1. HP: 21/21 MP: 0/0
   151 | D:1      | Reached XP level 2. HP: 17/28 MP: 1/1
   507 | D:1      | Reached XP level 3. HP: 28/36 MP: 2/2
  1328 | D:2      | Reached XP level 4. HP: 43/43 MP: 3/3
  1805 | D:3      | Reached XP level 5. HP: 44/49 MP: 4/4
  1859 | D:3      | Noticed Grinder
  1873 | D:3      | Paralysed by Grinder for 7 turns
  1879 | D:3      | Slain by Grinder

Action                   |  1- 3 |  4- 6 || total
-------------------------+-------+-------++-------
Melee: Hand axe          |    92 |    56 ||   148
 Abil: Spit Poison       |     3 |     2 ||     5
  Use: Scroll            |     6 |     3 ||     9
